 Dungeon Crawl Stone Soup version 0.30.1-11-g7821555f0a (webtiles) character file.

Game seed: 4963298635662727864

591 Groucho the Sneak (level 7, -1/32 HPs)
             Began as a Spriggan Earth Elementalist on Nov 6, 2023.
             Was a Follower of Vehumet.
             Killed by vampiric draining
             ... invoked by merbi's ghost
              (7 damage)
             ... on level 5 of the Dungeon on Nov 7, 2023.
             The game lasted 00:15:58 (6766 turns).

Groucho the Sneak (Spriggan Earth Elementalist)     Turns: 6766, Time: 00:15:58

Health: -1/32      AC:  6    Str:  4    XL:     7   Next: 16%
Magic:  12/14      EV: 18    Int: 25    God:    Vehumet [*.....]
Gold:   312        SH:  0    Dex: 15    Spells: 3/14 levels left

rFire   . . .        g - +1 short sword (speed)
rCold   . . .        (no shield)
rNeg    . . .        a - +1 robe
rPois   .            (helmet restricted)
rElec   .            r - +2 cloak
rCorr   .            (gloves unavailable)
SInv    +            (boots unavailable)
Will    .....        (no amulet)
Stlth   +++          q - +6 ring of intelligence
HPRegen 0.25/turn    (no ring)
MPRegen 0.14/turn

%: no passive effects
@: weak-willed, very slightly contaminated, very quick
A: very small, no large weapons, unfitting armour, see invisible, speed 3
a: Renounce Religion


You were on level 5 of the Dungeon.
You worshipped Vehumet.
Vehumet was aware of your devotion.
You visited 2 branches of the dungeon, and saw 6 of its levels.

You collected 312 gold pieces.

Inventory:

Hand Weapons
 g - a +1 short sword of speed (weapon)
Missiles
 l - 5 throwing nets
Armour
 a - a +1 robe (worn)
 r - a +2 cloak (worn)
Jewellery
 q - a +6 ring of intelligence (left hand)
Wands
 t - a wand of paralysis (6)
 z - a wand of polymorph (15)
Scrolls
 h - 3 scrolls of blinking
 i - 5 scrolls of teleportation {unknown}
 j - a scroll of enchant weapon {unknown}
 k - a scroll of vulnerability
 m - 2 scrolls of enchant armour
 s - 2 scrolls of fog {unknown}
 u - 2 scrolls of amnesia {unknown}
 w - 2 scrolls of fear {unknown}
 x - a scroll of torment {unknown}
 y - a scroll of brand weapon {unknown}
 A - a scroll of noise {unknown}
Potions
 c - 2 potions of attraction {unknown}
 d - 2 potions of heal wounds {unknown}
 e - a potion of lignification {unknown}
 f - 2 potions of flight
 n - a potion of degeneration {unknown}
 o - a potion of might {unknown}
 p - 2 potions of mutation {unknown}
 v - a potion of experience {unknown}


   Skills:
 + Level 4.6 Dodging
 + Level 5.1 Stealth
 + Level 4.3 Spellcasting
 * Level 2.9 Conjurations
 - Level 1.3 Transmutations
 * Level 4.6 Earth Magic


You had 3 spell levels left.
You knew the following spells:

 Your Spells              Type           Power      Damage    Failure   Level
a - Sandblast             Erth           56%        2d13      1%          1
b - Passwall              Tmut/Erth      16%        N/A       3%          2
c - Stone Arrow           Conj/Erth      48%        3d10      5%          3
d - Iskenderun's Battles  Conj           20%        2d7       58%         5

Your spell library contained the following spells:

 Spells                   Type           Power      Damage    Failure   Level
 Shock                    Conj/Air       48%        1d6       4%          1
 Petrify                  Tmut/Erth      20%        N/A       26%         4
 Iron Shot                Conj/Erth      12%        9d3       96%         6
 Spellforged Servitor     Conj/Summ      6%         N/A       100%        7


Dungeon Overview and Level Annotations

Branches:
Dungeon (5/15)             Temple (1/1) D:4

Altars:
Ashenzari
Cheibriados
Dithmenos
Elyvilon
Gozag
Hepliaklqana
Kikubaaqudgha
Makhleb
Nemelex Xobeh
Okawaru
Ru
Sif Muna
Uskayaw
Vehumet
Wu Jian
Xom
Yredelemnul
Zin

Shops:
D:4 !

Portals:
Abyss: D:5

Annotations:
D:5 1 transporter, merbi's ghost, novice HuWn


Innate Abilities, Weirdness & Mutations

You are very small and have problems with some larger weapons.
You are too small for most types of armour.
You have supernaturally acute eyesight. (SInv)
You cover ground extremely quickly. (Speed+++)


Message History

Casting: Stone Arrow (dangerous; 5% risk of failure)
Confirm with . or Enter, or press ? or * to list all spells.
You don't have enough magic to cast this spell.
Unknown command.
Unknown command.
Unknown command.
Magic courses through your body. Merbi's ghost closely misses you.
Casting: Stone Arrow (dangerous; 5% risk of failure)
Confirm with . or Enter, or press ? or * to list all spells.
Aiming: Sandblast (safe; 1% risk of failure)
Press: ? - help, Shift-Dir - straight line, f/p - merbi's ghost
Aim: merbi's ghost (heavily damaged, weak-willed, 81% to hit)
The blast of sand hits merbi's ghost!
Merbi's ghost is severely damaged.
Merbi's ghost ripples.
Merbi's ghost misses you.
Unknown command.
Casting: Sandblast (safe; 1% risk of failure)
Confirm with . or Enter, or press ? or * to list all spells.
Aiming: Sandblast (safe; 1% risk of failure)
Press: ? - help, Shift-Dir - straight line, f/p - merbi's ghost
Aim: merbi's ghost (severely damaged, weak-willed, 81% to hit)
The blast of sand hits merbi's ghost but does no damage.
Merbi's ghost is severely damaged.
Merbi's ghost misses you.
Merbi's ghost draws life force from you!!
Ouch! That really hurt!
* * * LOW HITPOINT WARNING * * *
Merbi's ghost is healed by the life force!
Unknown command.
Okay, then.
Casting: Sandblast (safe; 1% risk of failure)
Confirm with . or Enter, or press ? or * to list all spells.
Aiming: Sandblast (safe; 1% risk of failure)
Press: ? - help, Shift-Dir - straight line, f/p - merbi's ghost
Aim: merbi's ghost (heavily damaged, weak-willed, 81% to hit)
The blast of sand hits merbi's ghost!
Merbi's ghost is severely damaged.
Merbi's ghost draws life force from you!
You die...

###.#...#.##########.#
#...##.##...##.....#.#
#.#..#..).#.##.....#..
#.....................
#.....................
#...........##.......#
#.))###..[.####......#
#..)#.##..##..####...#
#...#@##..#©.#...##..#
#.)##W##..##..###.#..# #########
#..#.)##...#### ##... #.....).#
#..##..##....#. #...#
##.#####)###..##...###©##.. #....
......#).).....###.##### #.##..#
##.##....##......#©#.... #..#©.#
##.#####.##.....##.##.#####.##..#
...#####.##....##.#∩..W....##...#


You could see merbi's ghost (weak-willed).

Vanquished Creatures
  A small abomination (D:5)
  A kobold brigand (D:5)
  A scorpion (D:5)
  An orc priest (D:4)
  An iguana (D:4)
  2 orc wizards
  A sleepcap (D:5)
  10 gnolls
  5 adders
  A worm (D:5)
  21 orcs
  5 ball pythons
  7 bats
  7 endoplasms
  A giant cockroach (D:2)
  7 goblins
  5 hobgoblins
  7 jackals
  8 kobolds
  3 quokkas
  5 frilled lizards
  6 rats
106 creatures vanquished.

Notes
Turn   | Place    | Note
-------+----------+-------------------------------------------
     0 | D:1      | Groucho the Spriggan Earth Elementalist began the quest for
                  | the Orb.
     0 | D:1      | Reached XP level 1. HP: 9/9 MP: 5/5
   328 | D:1      | Reached XP level 2. HP: 13/13 MP: 4/6
   367 | D:1      | Learned a level 2 spell: Passwall
  1675 | D:1      | Reached skill level 1 in Conjurations
  1951 | D:2      | Reached XP level 3. HP: 16/16 MP: 4/8
  2322 | D:2      | Learned a level 3 spell: Stone Arrow
  2863 | D:2      | Reached XP level 4. HP: 21/21 MP: 4/9
  4121 | D:3      | Found a basalt altar of Yredelemnul.
  4206 | D:3      | Found a hide-covered altar of Uskayaw.
  4212 | D:3      | Reached XP level 5. HP: 24/24 MP: 11/11
  4598 | D:3      | Found a shimmering blue altar of Sif Muna.
  4623 | D:3      | Found a snail-covered altar of Cheibriados.
  4624 | D:3      | Found an ornate altar of the Wu Jian Council.
  4776 | D:4      | Found Tuim's Distillery.
  4813 | D:4      | Reached skill level 4 in Stealth
  4862 | D:4      | Found a staircase to the Ecumenical Temple.
  4869 | Temple   | Entered the Ecumenical Temple
  5119 | Temple   | Became a worshipper of Vehumet
  5373 | D:4      | Reached XP level 6. HP: 21/28 MP: 9/12
  5426 | D:5      | Entered Level 5 of the Dungeon
  5531 | D:5      | Identified the +7 long sword of Ignis's Fury {venom, rElec
                  | Dex+3}
  5565 | D:5      | Found a transporter.
  6080 | D:5      | Noticed merbi's ghost (novice HuWn)
  6198 | D:5      | Found a transporter.
  6391 | D:5      | Learned a level 5 spell: Iskenderun's Battlesphere
  6430 | D:5      | Reached * piety under Vehumet
  6430 | D:5      | Offered knowledge of Shock by Vehumet.
  6737 | D:5      | Found a one-way gate to the infinite horrors of the Abyss.
  6745 | D:5      | Reached XP level 7. HP: 30/32 MP: 6/14
  6756 | D:5      | Reached skill level 5 in Stealth
  6766 | D:5      | Killed from afar by merbi's ghost

Illustrated notes

Levels and vault maps discovered:
D:1:      dpeg_arrival_pond, layout_loops_ring, chequers_mini_garden
D:2:      layout_loops_ring, serial_aquarium, aquarium_bridge_square
          [aquarium_subvault_wall, aquarium_subvault_bridge,
          aquarium_subvault_bridge, aquarium_subvault_wall],
          aquarium_window_corridor_1, aquarium_window_1, aquarium_window_1,
          aquarium_view_2a, aquarium_view_2f
D:3:      layout_basic, mainiacjoe_overflow_cross_hatched,
          mainiacjoe_overflow_small_starburst, minitemple,
          minmay_misc_feat_pillars
D:4:      layout_loops_ring, minmay_temple_entry_statues_pillars, serial_shops,
          nicolae_shop_industrial_runoff, minmay_quantized
D:5:      layout_loops_cross, gammafunk_ghost_abyssal_escape
Temple:   oiseaux_autumnal_temple

Skill      XL: |  1  2  3  4  5  6  7 |
---------------+----------------------+-----
Dodging        | 3 4 |  4.6
Earth Magic    | 3 4 |  4.6
Conjurations   | 1 2 |  2.9
Spellcasting   | 3 4 |  4.3
Stealth        | 4 5 |  5.1
Transmutations | |  1.3

Action                     |  1- 3 |  4- 6 |  7- 9 || total
---------------------------+-------+-------+-------++-------
  Melee: Short sword       |    13 |    45 |       ||    58
   Cast: Sandblast         |    61 |    99 |     4 ||   164
         Stone Arrow       |       |     1 |     5 ||     6
    Use: Potion            |       |     1 |     2 ||     3
         Scroll            |       |     1 |     1 ||     2
   Stab: Sleeping          |       |     4 |       ||     4
 Armour: Robe              |     6 |     8 |       ||    14
  Dodge: Dodged            |    29 |    58 |     7 ||    94
